 Dungeon Crawl Stone Soup version 0.20.1-1-g8b1a95d (webtiles) character file.

788 gobwax the Carver (level 8, 0/58 HPs)
             Began as a Formicid Fighter on Sept 8, 2017.
             Succumbed to a worker ant's poison
             ... on level 8 of the Dungeon.
             The game lasted 00:06:26 (4068 turns).

gobwax the Carver (Formicid Fighter)                Turns: 4068, Time: 00:06:27

Health: 0/58       AC: 13    Str: 20 (23) XL:     8   Next: 12%
Magic:  8/8        EV: 10    Int:  7 (8)  God:
Gold:   157        SH:  4    Dex: 12 (15) Spells: 7/7 levels left

rFire    + . .     SeeInvis +   a - +0 long sword
rCold    + . .     Gourm    .   n - +0 buckler
rNeg     . . .     Faith    .   y - +1 plate armour
rPois    +         Spirit   .   (helmet unavailable)
rElec    +         Reflect  .   (no cloak)
rCorr    +         Harm     .   F - +0 pair of gloves
MR       .....                  (no boots)
Stlth    ..........             (no amulet)
Regen    0.2/turn               d - ring of wizardry
MPRegen  0.2/turn               (no ring)

@: agile, lethally poisoned (0 -> 0), resistant, flying (expiring)
A: permanent stasis, dig shafts and tunnels, four strong arms, antennae 3
a: Dig, Shaft Self


You were on level 8 of the Dungeon.
You were hungry.

You visited 1 branch of the dungeon, and saw 6 of its levels.

You collected 157 gold pieces.

Inventory:

Hand Weapons
 a - a +0 long sword (weapon)
Armour
 b - a +0 scale mail
 c - a +0 shield
 n - a +0 buckler (worn)
 o - a +0 leather armour
 w - a +0 chain mail
 y - a +1 plate armour (worn)
 F - a +0 pair of gloves (worn)
Jewellery
 d - a ring of wizardry (left hand)
 I - a cursed amulet of inaccuracy
Wands
 D - a wand of flame (20/48)
Scrolls
 e - a scroll of recharging
 h - a scroll of teleportation
 k - 6 scrolls of identify
 l - 4 scrolls of fog
 p - a scroll of random uselessness
 u - 2 scrolls of fear
 x - 2 scrolls of remove curse
Potions
 r - a potion of invisibility
 t - 2 potions of brilliance
 v - 2 potions of flight
Comestibles
 f - 3 bread rations
 g - 2 royal jellies
 z - a meat ration
 E - 4 fruits


   Skills:
 - Level 3.2 Fighting
 * Level 8.8 Long Blades
 - Level 3.2 Armour
 - Level 3.6 Shields


You had 7 spell levels left.
You didn't know any spells.

Dungeon Overview and Level Annotations

Branches:
Dungeon (5/15)             Temple (0/1) D:4

Altars:
Zin

Annotations:
D:5 Vorshek's ghost, novice HuFi


Innate Abilities, Weirdness & Mutations

You cannot be hasted, slowed, berserked, paralysed or teleported.
You can dig through walls and to a lower floor.
Your four strong arms can wield two-handed weapons with a shield.
You have a pair of large antennae on your head. (SInv)


Message History

You block the ice beast's attack. You block the worker ant's attack.
As you read the scroll of identify, it crumbles to dust.
e - a scroll of recharging
* * * LOW HITPOINT WARNING * * *
You feel sick. The ice beast barely misses you.
You riposte.
You hit the ice beast.
The ice beast is lightly wounded.
The worker ant bites you but does no damage.
As you read the scroll labeled YCANYUSHRYC, it crumbles to dust.
It is a scroll of enchant armour.
Your +0 plate armour glows green for a moment.
You are starting to lose your buoyancy.
The worker ant bites you but does no damage.
The ice beast hits you but does no damage.
The worker ant barely misses you.
You riposte.
You closely miss the worker ant.
As you read the scroll labeled QAVULE OMNIA, it crumbles to dust.
You assume a fearsome visage.
The iguana looks frightened!
The ice beast looks frightened!
The worker ant looks frightened!
It was a scroll of fear.
You die...

#. #>..
#... { #...
#...
#.§Y####
#.§§§§§#
#)la§§§# {
####@###
#§§.##
###..# ##.#
#.# # #<#
.###
##.####....
#........#.
#..........


You could see an iguana (fleeing) and a worker ant (fleeing).

Vanquished Creatures
  A hippogriff (D:3)
  Sigmund (D:4)
  A phantom (D:4)
  2 bullfrogs
  A howler monkey (D:3)
  An orc priest (D:3)
  2 hounds
  3 adders
  An ooze (D:2)
  An adder skeleton (D:4)
  A worm (D:2)
  2 dart slugs (D:1)
  3 leopard geckos
  8 orcs
  6 bats
  2 giant cockroaches (D:4)
  5 goblins
  9 hobgoblins
  9 jackals
  7 kobolds
  A ball python (D:2)
  A ball python skeleton (D:4)
  5 frilled lizards
  A leopard gecko zombie (D:3)
  4 rats
78 creatures vanquished.

Notes
Turn   | Place    | Note
-------+----------+-------------------------------------------
     0 | D:1      | gobwax the Formicid Fighter began the quest for the Orb.
     0 | D:1      | Reached XP level 1. HP: 18/18 MP: 1/1
    89 | D:1      | Reached XP level 2. HP: 24/24 MP: 2/2
   273 | D:1      | Reached skill level 3 in Long Blades
   471 | D:1      | Reached XP level 3. HP: 29/29 MP: 3/3
   878 | D:2      | Found a glowing silver altar of Zin.
  1280 | D:2      | Reached skill level 4 in Long Blades
  1280 | D:2      | Reached XP level 4. HP: 30/35 MP: 4/4
  1651 | D:3      | Noticed a hippogriff
  1659 | D:3      | Killed a hippogriff
  1659 | D:3      | Reached skill level 6 in Long Blades
  1659 | D:3      | Reached XP level 5. HP: 34/41 MP: 5/5
  1659 | D:3      | Reached XP level 6. HP: 39/47 MP: 6/6
  2324 | D:3      | Reached XP level 7. HP: 32/52 MP: 7/7
  3062 | D:3      | Reached skill level 7 in Long Blades
  3529 | D:4      | Reached skill level 8 in Long Blades
  3533 | D:4      | Found a staircase to the Ecumenical Temple.
  3647 | D:4      | Noticed Sigmund
  3663 | D:4      | Killed Sigmund
  3663 | D:4      | Reached XP level 8. HP: 58/58 MP: 8/8
  4008 | D:5      | Entered Level 5 of the Dungeon
  4008 | D:5      | Noticed Vorshek's ghost (novice HuFi)
  4037 | D:5      | You are sucked into a shaft for 3 floors!
  4051 | D:8      | HP: 2/58 [poisoned by a worker ant]
  4057 | D:8      | HP: 1/58 [poisoned by a worker ant]
  4064 | D:8      | HP: 1/58 [poisoned by a worker ant]
  4068 | D:8      | Succumbed to a worker ant's poison

Skill      XL: |  1  2  3  4  5  6  7 |
---------------+----------------------+-----
Long Blades    | 3 4 6 8 |  8.8
Fighting       | |  3.2
Armour         | |  3.2
Shields        | |  3.6

Action                   |  1- 3 |  4- 6 |  7- 9 || total
-------------------------+-------+-------+-------++-------
Melee: Long sword        |   101 |    88 |   119 ||   308
 Abil: Dig               |       |       |     3 ||     3
       Shaft Self        |       |       |     1 ||     1
  Use: Scroll            |     2 |       |     8 ||    10
       Potion            |     1 |     1 |    12 ||    14
 Stab: Invisible         |       |       |     1 ||     1
  Eat: Chunk             |       |     5 |     5 ||    10
Armor: Scale mail        |     8 |       |       ||     8
       Chain mail        |    21 |       |       ||    21
       Plate armour      |    55 |    73 |    76 ||   204
       Skin              |     4 |       |     7 ||    11
Dodge: Dodged            |    54 |    37 |    40 ||   131
Block: Shield            |    11 |       |       ||    11
       Buckler           |    18 |    22 |    25 ||    65
       Rpst.: Long sword |    27 |    11 |    15 ||    53
